 Dungeon Crawl Stone Soup version 0.25-a0-589-g1e14c549ee (webtiles) character file.

Game seed: 8569131219086009643, levelgen mode: deterministic

1176 kae the Distorting Demonspawn (level 8, -8/67 HPs)
             Began as a Demonspawn Abyssal Knight on Mar 11, 2020.
             Was a Believer of Lugonu.
             Mangled by Sigmund
             ... wielding a +0 scythe
              (9 damage)
             ... on level 4 of the Dungeon.
             The game lasted 00:04:04 (5004 turns).

kae the Distorting Demonspawn (DsAK)                Turns: 5004, Time: 00:04:05

Health: -8/67      AC:  9    Str: 13    XL:     8   Next: 18%
Magic:  14/14      EV:  9    Int: 13    God:    Lugonu [**....]
Gold:   127        SH:  0    Dex: 17    Spells: 7/7 levels left

rFire    + . .     SeeInvis .   a - +1 mace
rCold    . . .     Gourm    .   (no shield)
rNeg     . . .     Faith    .   o - +1 scale mail {rPois}
rPois    +         Spirit   .   (no helmet)
rElec    .         Reflect  .   (no cloak)
rCorr    .         Harm     .   l - +0 pair of gloves
MR       .....                  (no boots)
Stlth    +.........             (no amulet)
HPRegen  0.21/turn              (no ring)
MPRegen  0.14/turn              (no ring)

@: no status effects
A: talons 1, thin skeletal structure 1, demonic guardian 1, fire resistance 1
a: Depart the Abyss, Bend Space, Renounce Religion


You were on level 4 of the Dungeon.
You worshipped Lugonu.
Lugonu was pleased with you.
You were very hungry.

You visited 1 branch of the dungeon, and saw 4 of its levels.
You visited the Abyss 1 time.

You collected 127 gold pieces.

Inventory:

Hand Weapons
 a - a +1 mace (weapon)
Armour
 l - a +0 pair of gloves (worn)
 o - a +1 scale mail of poison resistance (worn)
Scrolls
 d - 3 scrolls of teleportation
 g - 3 scrolls of identify
 h - a scroll of remove curse {unknown}
 j - a scroll of immolation {unknown}
 k - 2 scrolls of enchant weapon {unknown}
Potions
 i - a potion of resistance
Comestibles
 c - 6 rations


   Skills:
 + Level 7.2 Fighting
 * Level 8.6 Maces & Flails
 + Level 6.1 Armour
 - Level 0.8 Dodging
 + Level 8.9 Invocations


You had 7 spell levels left.
You didn't know any spells.
Your spell library was empty.

Dungeon Overview and Level Annotations

Branches:
Dungeon (4/15)
 Temple: D:4-7

Altars:

Annotations:
D:2 1 runed translucent door, Crazy Yiuf
D:4 Sigmund


Innate Abilities, Weirdness & Mutations

You have sharp toenails.
You have a somewhat thin skeletal structure. (Dex +2, Stealth)
A weak demonic guardian rushes to your aid.
Your flesh is heat resistant. (rF+)


Message History

An orc comes into view. It is wielding a +0 dagger.
The killer bee completely misses you.
You hit the killer bee. You claw the killer bee.
The killer bee is heavily wounded.
The killer bee closely misses you.
The killer bee stings you but does no damage. x2
The killer bee stings you.
* * * LOW HITPOINT WARNING * * *
You hit the killer bee.
The killer bee is severely wounded.
Your surroundings suddenly seem different.
(D) Dungeon
Where to? (Enter - D:4 @ (x,y), ? - help)
The ogre is too close now for your liking.
Sigmund shouts!
Sigmund casts a spell at you. The magic dart hits you.
* * * LOW HITPOINT WARNING * * *
Sigmund hits you from afar with a +0 scythe!
You die...

,,,,* **,,>,,,* *,* ***,*
**,*,**#.* *,*
*,***,***,**.* *,* *,**,**
**,*.###*,* *,,,**
**,,..#*,* ****,**
**,,,...,,*
**,***,***#@#*** ##### **
****,*,**
#.######...##****, *,,,,,,*
#@##..,.....,,,,,,
*****,****,*
#.##.#**...******,
,,,,,,,,,,,* #5##.# *#.####
** ****,*****,*
#.##.####.#..♣### *,*
*,#####.............PP##
*,*
*..........####........P *
*,*
*.#.......?.....)###♣...
****,*****..#############.#
♣P♣) ≈≈≈≈,,,,,,.** ####.#
##P)


You could see Sigmund and a friendly ufetubus.

Vanquished Creatures
  A two-headed ogre (D:4)
  Purgy (D:3)
  A big kobold (D:4)
  An orc priest (D:3)
  An iguana (D:4)
  2 orc wizards (D:4)
  4 gnolls
  4 adders
  2 worms
  2 dart slugs (D:1)
  3 leopard geckos
  3 orcs
  9 bats
  6 giant cockroaches
  6 goblins
  7 hobgoblins
  A ball python (D:2)
  7 frilled lizards
  25 kobolds
  7 rats
93 creatures vanquished.

Vanquished Creatures (collateral kills)
  A leopard gecko (D:4)
  6 kobolds (D:4)
7 creatures vanquished.

Vanquished Creatures (others)
  An ogre (D:4)
  An iguana (D:4)
  A worker ant (D:4)
  2 adders (D:4)
  2 giant cockroaches (D:4)
7 creatures vanquished.

Grand Total: 107 creatures vanquished

Notes
Turn   | Place    | Note
-------+----------+-------------------------------------------
     0 | Abyss:1  | kae the Demonspawn Abyssal Knight began the quest for the
                  | Orb.
     0 | Abyss:1  | Reached XP level 1. HP: 18/18 MP: 2/2
    28 | Abyss:1  | Noticed a small abomination
    29 | D:1      | Escaped the Abyss
   212 | D:1      | Reached * piety under Lugonu
   349 | D:1      | Gained mutation: You have a somewhat thin skeletal
                  | structure. (Dex +2, Stealth) [demonic ancestry]
   349 | D:1      | Reached XP level 2. HP: 10/24 MP: 4/4
  1058 | D:1      | Reached XP level 3. HP: 25/29 MP: 5/5
  2223 | D:2      | HP: 1/29 [gnoll/+0 hand axe (6)]
  2262 | D:3      | Reached ** piety under Lugonu
  2262 | D:3      | Gained mutation: Your flesh is heat resistant. (rF+)
                  | [demonic ancestry]
  2262 | D:3      | Reached XP level 4. HP: 16/35 MP: 6/6
  2283 | D:3      | Noticed Purgy
  3082 | D:3      | Killed Purgy
  3082 | D:3      | Reached XP level 5. HP: 42/42 MP: 6/8
  4137 | D:3      | Reached XP level 6. HP: 47/48 MP: 9/9
  4402 | D:2      | Found a faded altar of an unknown god.
  4547 | D:2      | Found a runed translucent door.
  4548 | D:2      | Noticed Crazy Yiuf
  4775 | D:4      | Reached skill level 5 in Armour
  4775 | D:4      | Gained mutation: A weak demonic guardian rushes to your
                  | aid. [demonic ancestry]
  4775 | D:4      | Reached XP level 7. HP: 59/59 MP: 9/13
  4880 | D:4      | Noticed a two-headed ogre
  4899 | D:4      | Killed a two-headed ogre
  4899 | D:4      | Gained mutation: You have sharp toenails. [demonic
                  | ancestry]
  4899 | D:4      | Reached XP level 8. HP: 19/67 MP: 14/14
  4925 | D:4      | Noticed Sigmund
  4991 | D:4      | HP: 1/67 [killer bee (6)]
  5003 | D:4      | HP: 1/67 [Sigmund/magic dart (3)]
  5004 | D:4      | Mangled by Sigmund

Levels and vault maps discovered:
D:1:      saegor_arrival_under_anarchy, layout_basic, serial_rivers,
          chequers_serial_rivers_micro_e, chequers_serial_rivers_micro_a,
          chequers_serial_rivers_large_a, chequers_serial_rivers_small_3,
          chequers_serial_rivers_micro_c, chequers_serial_rivers_small_b,
          minmay_tromino_i2
D:2:      layout_loops_cross, chequers_ecumenical_altar_simple, first_ration,
          uniq_crazy_yiuf_cottage
D:3:      layout_rooms, uniq_purgy
D:4:      kennysheep_kobold_camp, layout_loops_ring,
          nicolae_gozag_zags_fifth_avenue, serial_shops, nicolae_shop_crystal,
          nicolae_ossuary_entry_plus, xom_confusion_cloud, uniq_natasha,
          uniq_sigmund

Skill      XL: |  1  2  3  4  5  6  7 |
---------------+----------------------+-----
Maces & Flails | 2 3 8 |  8.6
Armour         | 2 5 6 |  6.1
Invocations    | 3 4 8 |  8.9
Fighting       | 4 6 7 |  7.2
Dodging        | |  0.8

Action                   |  1- 3 |  4- 6 |  7- 9 || total
-------------------------+-------+-------+-------++-------
Melee: Mace              |   128 |   116 |    68 ||   312
       Kick              |       |       |     5 ||     5
Invok: Depart the Abyss  |     1 |       |       ||     1
       Bend Space        |       |     1 |       ||     1
  Use: Potion            |     2 |     5 |     2 ||     9
       Scroll            |       |     5 |     1 ||     6
 Stab: Sleeping          |     3 |     4 |       ||     7
  Eat: Chunk             |     3 |     8 |     1 ||    12
Armor: Leather armour    |    35 |    22 |       ||    57
       Skin              |       |    15 |       ||    15
       Scale mail        |       |     3 |    45 ||    48
Dodge: Dodged            |    86 |    89 |    38 ||   213

Table legend:
 A = Non-vault XP
 B = Vault XP
 C = Vault XP percentage of total XP
 D = Non-vault monster count
 E = Vault monster count
 F = Vault count percentage of total count
                 A         B        C        D         E       F
            +---------+---------+-------+---------+---------+-------
      Total |    1055 |     254 |  19.4 |      76 |      24 |  24.0
            +---------+---------+-------+---------+---------+-------
        D:1 |      41 |       3 |   6.8 |      25 |       2 |   7.4
        D:2 |      96 |       0 |   0.0 |      19 |       0 |   0.0
        D:3 |     125 |     134 |  51.7 |      26 |       1 |   3.7
        D:4 |     793 |     117 |  12.9 |       6 |      21 |  77.8
            +---------+---------+-------+---------+---------+-------
